 Dungeon Crawl Stone Soup version 0.31-a0-925-g0a390f2509 (console) character file.

Game seed: 16468102685198138550

1364 jejorda2 the Chopper (level 8, -3/100 HPs)
             Began as a Gnoll Berserker on Oct 18, 2023.
             Was a Believer of Trog.
             Slain by Droidtality99's ghost (7 damage)
             ... on level 5 of the Dungeon.
             The game lasted 00:11:41 (4243 turns).

jejorda2 the Chopper (Gnoll Berserker)              Turns: 4243, Time: 00:11:42

Health: -3/100     AC: 28    Str: 19    XL:     8   Next: 64%
Magic:  13/13      EV:  2    Int:  6    God:    Trog [**....]
Gold:   90         SH:  0    Dex: 12    Spells: 14/14 levels left

rFire   . . .        a - +0 war axe
rCold   . . .        (no shield)
rNeg    . . .        t - melded +1 ring mail {rPois}
rPois   +            (helmet currently unavailable)
rElec   .            s - melded +0 cloak
rCorr   .            (gloves currently unavailable)
SInv    .            (boots currently unavailable)
Will    .....        (no amulet)
Stlth   ++           p - +4 ring of protection
HPRegen 0.36/turn    (no ring)
MPRegen 0.13/turn

%: no passive effects
@: tree-form, on berserk cooldown, slowed, very slow
A: stationary, stasis, torment immunity, boosted hp, (fangs 1), strong nose,
distributed training
a: Renounce Religion, Berserk, Trog's Hand


You were on level 5 of the Dungeon.
You worshipped Trog.
Trog was pleased with you.
You were a tree.
You visited 1 branch of the dungeon, and saw 5 of its levels.

You collected 262 gold pieces.
You spent 172 gold pieces at shops.

Inventory:

Hand Weapons
 a - a +0 war axe (weapon)
 b - a +1 dire flail of holy wrath
Missiles
 j - 11 poisoned darts (quivered)
 k - a throwing net
 u - 5 atropa-tipped darts
Armour
 s - a +0 cloak (melded)
 t - a +1 ring mail of poison resistance (melded)
Jewellery
 p - a +4 ring of protection (left branch)
Wands
 w - a wand of paralysis (5)
Scrolls
 c - 7 scrolls of blinking {unknown}
 e - a scroll of vulnerability {unknown}
 f - a scroll of poison {unknown}
 g - a scroll of teleportation {unknown}
 h - 2 scrolls of fear {unknown}
 i - a scroll of amnesia {unknown}
 n - 2 scrolls of identify
 o - 3 scrolls of fog {unknown}
 q - 3 scrolls of enchant armour {unknown}
Potions
 d - a potion of resistance
 l - 2 potions of curing
 m - a potion of cancellation
 v - a potion of heal wounds {unknown}


   Skills:
 + Level 7.5 Fighting
 + Level 3.5 Short Blades
 + Level 3.5 Long Blades
 + Level 7.5 Axes
 + Level 3.5 Maces & Flails
 + Level 3.5 Polearms
 + Level 3.5 Staves
 + Level 3.5 Ranged Weapons
 + Level 3.5 Throwing
 + Level 5.8 Armour
 + Level 5.8 Dodging
 + Level 3.5 Stealth
 + Level 3.5 Shields
 + Level 3.5 Unarmed Combat
 + Level 3.5 Spellcasting
 + Level 2.9 Conjurations
 + Level 2.9 Hexes
 + Level 2.9 Summonings
 + Level 2.9 Necromancy
 + Level 2.9 Translocations
 + Level 2.9 Transmutations
 + Level 2.9 Fire Magic
 + Level 2.9 Ice Magic
 + Level 2.9 Air Magic
 + Level 2.9 Earth Magic
 + Level 2.9 Poison Magic
 + Level 3.9 Invocations
 + Level 3.5 Evocations
 + Level 3.2 Shapeshifting


You had 14 spell levels left.
You didn't know any spells.
Your spell library was empty.

Dungeon Overview and Level Annotations

Branches:
Dungeon (5/15)
 Temple: D:4-7

Altars:
Gozag
Wu Jian

Shops:
D:1 (   D:2 *

Annotations:
D:5 Droidtality99's ghost, novice HOFi


Innate Abilities, Weirdness & Mutations

You are a tree.
Your roots penetrate the ground, keeping you stationary.
You cannot be teleported.
You are immune to unholy pain and torment.
Your maximum health is greatly increased.
Your equipment is partially melded.
((You have very sharp teeth.))
Your uncanny sense of smell can sniff out nearby items.
Your experience applies equally to all skills.


Message History

Droidtality99's ghost hits you but does no damage.
You hit Droidtality99's ghost.
Droidtality99's ghost is lightly damaged.
You hit the iguana. You slash the iguana! The iguana bites you.
Droidtality99's ghost hits you.
* * * LOW HITPOINT WARNING * * *
The iguana bites you!
* * * LOW HITPOINT WARNING * * *
The iguana bites you!
* * * LOW HITPOINT WARNING * * *
Droidtality99's ghost hits you but does no damage.
The iguana bites you but does no damage.
You barely miss Droidtality99's ghost.
Droidtality99's ghost is lightly damaged.
You closely miss the iguana. You hit the iguana.
The iguana bites you but does no damage.
Droidtality99's ghost hits you.
* * * LOW HITPOINT WARNING * * *
The iguana bites you but does no damage.
The iguana barely misses you.
Unknown command.
You miss Droidtality99's ghost.
Droidtality99's ghost is lightly damaged.
You completely miss the iguana. You hit the iguana but do no damage.
The iguana bites you but does no damage.
Droidtality99's ghost hits you.
* * * LOW HITPOINT WARNING * * *
The iguana barely misses you.
The iguana bites you but does no damage.
Droidtality99's ghost hits you but does no damage.
Unknown command.
You barely miss Droidtality99's ghost.
Droidtality99's ghost is lightly damaged.
You barely miss the iguana. You closely miss the iguana.
The iguana bites you but does no damage.
Droidtality99's ghost hits you!
* * * LOW HITPOINT WARNING * * *
The iguana bites you but does no damage. x2
Droidtality99's ghost hits you!
You die...

#....†.....########..##...<#
#..........................#
#...........................
##########...#########......
#..##..$...©##.....
#..#8.......8#..<##
#..#.........#..###
#####lW#)........#..#.>
#.....♣#$...©...!#©...#
#....l.#.........#...##
#......#.........#..##
#......#8.......8#..#
#......##.......##..#
#.......#########...#
#....[..............#
#............).....##
####################


You could see 2 iguanas and Droidtality99's ghost.

Vanquished Creatures
  A water moccasin (D:5)
  3 ogres
  A black bear (D:5)
  A phantom (D:5)
  5 scorpions (D:5)
  A howler monkey (D:5)
  3 jellies (D:5)
  Crazy Yiuf (D:4)
  A gnoll bouda (D:5)
  2 orc priests (D:5)
  A sleepcap (D:5)
  2 orc wizards (D:5)
  3 iguanas
  5 adders
  3 gnolls (D:2)
  A worm (D:5)
  4 dart slugs
  10 orcs
  4 ball pythons
  8 endoplasms
  3 giant cockroaches
  9 hobgoblins
  3 jackals (D:2)
  6 kobolds
  3 quokkas
  3 bats
  2 frilled lizards
  6 goblins
  A rat (D:1)
96 creatures vanquished.

Notes
Turn   | Place    | Note
-------+----------+-------------------------------------------
     0 | D:1      | jejorda2 the Gnoll Berserker began the quest for the Orb.
     0 | D:1      | Reached XP level 1. HP: 23/23 MP: 1/1
   131 | D:1      | Reached XP level 2. HP: 20/29 MP: 2/2
   300 | D:1      | Found Tiogg's Antique Weapon Shop.
   723 | D:2      | Reached XP level 3. HP: 35/35 MP: 3/3
   821 | D:2      | Reached skill level 1 in Invocations
   824 | D:2      | Reached skill level 1 in Short Blades
   824 | D:2      | Reached skill level 1 in Long Blades
   824 | D:2      | Reached skill level 1 in Maces & Flails
   824 | D:2      | Reached skill level 1 in Polearms
   824 | D:2      | Reached skill level 1 in Staves
   824 | D:2      | Reached skill level 1 in Ranged Weapons
   824 | D:2      | Reached skill level 1 in Throwing
   824 | D:2      | Reached skill level 1 in Stealth
   824 | D:2      | Reached skill level 1 in Shields
   824 | D:2      | Reached skill level 1 in Unarmed Combat
   824 | D:2      | Reached skill level 1 in Spellcasting
   824 | D:2      | Reached skill level 1 in Evocations
   830 | D:2      | Reached XP level 4. HP: 13/41 MP: 3/5
   994 | D:2      | Reached ** piety under Trog
   995 | D:2      | Reached skill level 1 in Shapeshifting
  1088 | D:2      | Found Ajeastrok's General Store.
  1104 | D:2      | Bought a potion of curing for 36 gold pieces
  1554 | D:3      | Reached skill level 1 in Conjurations
  1554 | D:3      | Reached skill level 1 in Hexes
  1554 | D:3      | Reached skill level 1 in Summonings
  1554 | D:3      | Reached skill level 1 in Necromancy
  1554 | D:3      | Reached skill level 1 in Translocations
  1554 | D:3      | Reached skill level 1 in Transmutations
  1554 | D:3      | Reached skill level 1 in Fire Magic
  1554 | D:3      | Reached skill level 1 in Ice Magic
  1554 | D:3      | Reached skill level 1 in Air Magic
  1554 | D:3      | Reached skill level 1 in Earth Magic
  1554 | D:3      | Reached skill level 1 in Poison Magic
  1885 | D:3      | Reached XP level 5. HP: 39/47 MP: 5/7
  2087 | D:1      | Bought a runed dire flail for 112 gold pieces
  2145 | D:2      | Bought a scroll of identify for 24 gold pieces
  2897 | D:4      | Found an opulent altar of Gozag.
  2916 | D:4      | Noticed an ogre
  2923 | D:4      | Killed an ogre
  2924 | D:4      | Reached XP level 6. HP: 53/53 MP: 8/8
  3007 | D:4      | Found an ornate altar of the Wu Jian Council.
  3114 | D:4      | Found a runed translucent door.
  3115 | D:4      | Noticed Crazy Yiuf
  3121 | D:4      | Killed Crazy Yiuf
  3122 | D:4      | Reached skill level 5 in Armour
  3122 | D:4      | Reached skill level 5 in Dodging
  3290 | D:5      | Entered Level 5 of the Dungeon
  3371 | D:5      | Noticed a black bear
  3392 | D:5      | Reached XP level 7. HP: 59/59 MP: 10/10
  3474 | D:5      | Found a transporter.
  3478 | D:5      | Found a transporter.
  3478 | D:5      | Noticed Droidtality99's ghost (novice HOFi)
  3689 | D:5      | Reached XP level 8. HP: 30/67 MP: 12/12
  4243 | D:5      | HP: 4/100 [Droidtality99's ghost (7)]
  4243 | D:5      | Slain by Droidtality99's ghost

Illustrated notes

Levels and vault maps discovered:
D:1:      arrival_zaba_pyramid, layout_rooms, serial_shops,
          nicolae_shop_real_fake_doors
D:2:      layout_basic, serial_shops, nicolae_shop_peninsula
D:3:      layout_rooms
D:4:      layout_basic, mainiacjoe_overflow_catch_the_wave,
          uniq_crazy_yiuf_cottage
D:5:      cheibrodos_barr_body, layout_rooms, gammafunk_ghost_arena

Skill      XL: |  1  2  3  4  5  6  7  8 |
---------------+-------------------------+-----
Invocations    | 1 2 3 |  3.9
Short Blades   | 1 2 3 |  3.5
Long Blades    | 1 2 3 |  3.5
Maces & Flails | 1 2 3 |  3.5
Polearms       | 1 2 3 |  3.5
Staves         | 1 2 3 |  3.5
Ranged Weapons | 1 2 3 |  3.5
Throwing       | 1 2 3 |  3.5
Stealth        | 1 2 3 |  3.5
Shields        | 1 2 3 |  3.5
Unarmed Combat | 1 2 3 |  3.5
Spellcasting   | 1 2 3 |  3.5
Evocations     | 1 2 3 |  3.5
Shapeshifting  | 1 2 3 |  3.2
Conjurations   | 1 2 |  2.9
Hexes          | 1 2 |  2.9
Summonings     | 1 2 |  2.9
Necromancy     | 1 2 |  2.9
Translocations | 1 2 |  2.9
Transmutations | 1 2 |  2.9
Fire Magic     | 1 2 |  2.9
Ice Magic      | 1 2 |  2.9
Air Magic      | 1 2 |  2.9
Earth Magic    | 1 2 |  2.9
Poison Magic   | 1 2 |  2.9
Armour         | 5 |  5.8
Dodging        | 5 |  5.8
Fighting       | 7 |  7.5
Axes           | 7 |  7.5

Action                     |  1- 3 |  4- 6 |  7- 9 || total
---------------------------+-------+-------+-------++-------
  Melee: Hand axe          |    93 |    82 |       ||   175
         Bite              |    10 |    17 |     8 ||    35
         Punch             |     1 |     1 |       ||     2
         War axe           |       |     7 |    19 ||    26
         Dire flail        |       |    57 |    61 ||   118
  Throw: Dart              |       |     5 |     2 ||     7
 Invoke: Berserk           |     1 |     3 |     4 ||     8
         Trog's Hand       |       |       |     3 ||     3
    Use: Scroll            |       |     4 |       ||     4
         Potion            |       |       |     1 ||     1
 Armour: Animal skin       |    24 |       |       ||    24
         Ring mail         |    22 |    69 |    79 ||   170
         Skin              |       |       |    22 ||    22
  Dodge: Dodged            |    52 |    92 |    70 ||   214

Table legend: (Time is in decaauts)
 A = Elapsed time spent in this place.
 B = Non-inter-level travel time spent in this place.
 C = Inter-level travel time spent in this place.
 D = Time resting spent in this place.
 E = Time spent auto-exploring this place.
 F = Levels seen in this place.
 G = Mean time per level.
                   A        B        C        D        E       F      G
               +--------+--------+--------+--------+--------+-----+--------+
         Total |   4331 |   4101 |    230 |    394 |   2889 |   5 |  866.2 |
       Dungeon |   4331 |   4101 |    230 |    394 |   2889 |   5 |  866.2 |
               +--------+--------+--------+--------+--------+-----+--------+

Top non-repeatable levels by time:
     D:4: 1146 daAuts
     D:5: 1012 daAuts
     D:2: 869 daAuts
     D:1: 783 daAuts
     D:3: 519 daAuts
